 Dungeon Crawl Stone Soup version 0.22-a0-467-g5c5de1c (webtiles) character file.

105623 Cunctator the Protected (level 16, -2/101 HPs)
             Began as a Gargoyle Earth Elementalist on June 9, 2018.
             Was an Elder of Vehumet.
             Slain by Asterion
             ... wielding a +0 broad axe of chopping
              (16 damage)
             ... on level 2 of the Lair of Beasts on June 10, 2018.
             The game lasted 04:28:54 (44979 turns).

Cunctator the Protected (GrEE)                     Turns: 44979, Time: 04:28:54

Health: -2/101     AC: 28    Str: 12    XL:     16   Next: 41%
Magic:  4/30       EV: 11    Int: 23    God:    Vehumet [****..]
Gold:   2221       SH:  4    Dex: 10    Spells: 11/35 levels left

rFire    . . .     SeeInvis .   Y - staff of earth
rCold    . . .     Gourm    +   q - +0 buckler
rNeg     + . .     Faith    .   p - +0 acid dragon scales
rPois    ∞         Spirit   .   x - +2 hat
rElec    +         Reflect  .   (no cloak)
rCorr    +         Harm     .   y - +1 pair of gloves {archery}
MR       ++...                  I - +0 pair of boots
Stlth    +.........             n - amulet of the gourmand
HPRegen  0.26/turn              i - ring of wizardry
MPRegen  0.22/turn              R - ring of protection from magic

@: liquid flames, flying, very slightly contaminated, glowing
A: big wings, negative energy resistance 1, electricity resistance, unbreathing,
petrification resistance, rot immunity, AC +12
a: Stop Flying, Renounce Religion


You were on level 2 of the Lair of Beasts.
You worshipped Vehumet.
Vehumet was greatly pleased with you.
You were very full.

You visited 6 branches of the dungeon, and saw 25 of its levels.

You collected 2386 gold pieces.
You spent 165 gold pieces at shops.

Inventory:

Hand Weapons
 J - a +8 flail of protection
 K - a +3 blowgun
Missiles
 b - 383 stones (quivered)
 L - 105 poisoned needles
Armour
 c - a +1 robe of the Archmagi
 p - +0 acid dragon scales (worn)
 q - a +0 buckler (worn)
 x - a +2 hat (worn)
 y - a +1 pair of gloves of archery (worn)
 I - a +0 pair of boots (worn)
Magical Staves
 Y - an uncursed staff of earth (weapon)
Jewellery
 f - an uncursed ring of see invisible
 h - a +4 ring of evasion
 i - a ring of wizardry (left hand)
 n - an amulet of the gourmand (around neck)
 o - an uncursed ring of protection from cold
 M - an uncursed ring of protection from fire
 R - a ring of protection from magic (right hand)
 T - a +3 ring of protection
 V - an uncursed ring of resist corrosion
Wands
 A - a wand of iceblast (18)
 G - a wand of flame (77)
 O - a wand of acid (10)
 P - a wand of paralysis (35)
 X - a wand of polymorph (40)
 Z - a wand of digging (34)
Scrolls
 a - 9 scrolls of teleportation
 e - 12 scrolls of remove curse
 j - 2 scrolls of magic mapping {unknown}
 k - 2 scrolls of blinking {unknown}
 s - a scroll of vulnerability {unknown}
 t - 2 scrolls of noise {unknown}
 v - a scroll of summoning {unknown}
 z - 4 scrolls of fog {unknown}
 C - a scroll of torment {unknown}
 E - a scroll of enchant weapon
 H - 4 scrolls of amnesia
 Q - 4 scrolls of immolation
 U - 2 scrolls of fear
Potions
 g - 3 potions of agility
 m - 2 potions of magic
 r - a potion of might {unknown}
 u - a potion of lignification {unknown}
 w - 2 potions of resistance
 B - 3 potions of cancellation
 D - 6 potions of haste
 F - 10 potions of curing
 N - 3 potions of heal wounds
 S - 2 potions of berserk rage
 W - 2 potions of brilliance
Comestibles
 d - 23 rations


   Skills:
 - Level 11.6 Fighting
 - Level 7.7(8.0) Maces & Flails
 + Level 2.4(5.5) Staves
 - Level 14.4 Armour
 - Level 1.5 Dodging
 - Level 2.1 Stealth
 - Level 4.0 Shields
 + Level 10.3 Spellcasting
 + Level 13.8 Conjurations
   Level 0.7 Transmutations
 - Level 10.5 Fire Magic
 + Level 14.1 Earth Magic
 + Level 4.9 Evocations


You had 11 spell levels left.
You knew the following spells:

 Your Spells              Type           Power        Failure   Level  Hunger
a - Sandblast             Erth           ######       0%          1    None
b - Stone Arrow           Conj/Erth      ######       1%          3    None
c - Lee's Rapid Deconstr  Erth           #######...   1%          5    ####...
d - Conjure Flame         Conj/Fire      ######..     1%          3    None
e - Bolt of Magma         Conj/Fire/Erth #######...   1%          5    ####...
f - Orb of Destruction    Conj           ######....   2%          7    #######

Your spell library contained the following spells:

 Spells                   Type           Power        Failure   Level  Hunger
 Cause Fear               Hex            ##........   28%         4    #......
 Fireball                 Conj/Fire      ######....   1%          5    ####...
 Bolt of Fire             Conj/Fire      ######....   1%          6    ######.
 Bolt of Cold             Conj/Ice       #####.....   8%          6    ######.
 Slow                     Hex            ##......     4%          2    None
 Freezing Cloud           Conj/Ice/Air   ####......   17%         6    ######.
 Mephitic Cloud           Conj/Pois/Air  ####....     1%          3    None
 Ring of Flames           Chrm/Fire      #####.....   93%         7    #######
 Animate Dead             Necr           N/A          28%         4    #......
 Pain                     Necr           ##..         3%          1    None
 Animate Skeleton         Necr           N/A          3%          1    None
 Vampiric Draining        Necr           ##........   9%          3    None
 Ozocubu's Refrigeration  Ice            ##........   67%         6    ######.
 Regeneration             Chrm/Necr      ##........   9%          3    None
 Ice Form                 Ice/Tmut       ##......     24%         4    #......
 Passwall                 Tmut/Erth      ######..     1%          2    None
 Ignite Poison            Fire/Tmut/Pois ####....     1%          3    None
 Metabolic Englaciation   Hex/Ice        ##........   58%         5    ####...
 Corona                   Hex            ##.....      3%          1    None
 Simulacrum               Ice/Necr       ##........   98%         6    ######.
 Portal Projectile        Hex/Tloc       ##....       9%          3    None
 Petrify                  Tmut/Erth      ######..     1%          4    #......
 Leda's Liquefaction      Hex/Erth       ######....   1%          4    #......
 Inner Flame              Hex/Fire       #####...     1%          3    None
 Poisonous Vapours        Pois/Air       ##....       4%          2    None
 Ignition                 Fire           ######....   47%         8    #######


Dungeon Overview and Level Annotations

Branches:
Dungeon (15/15) Temple (0/1) D:6 Lair (5/6) D:10 Shoals (1/4) Lair:4 Spider (1/4) Lair:2 Slime (0/5) Lair:5 Orc (2/2) D:9 Elf (1/3) Orc:2 Vaults (0/5) D:13 D:14 Depths (0/5) D:15

Altars:
Ashenzari
Cheibriados
Dithmenos
Nemelex Xobeh
Okawaru
Qazlal
Ru
Trog
Uskayaw
Vehumet
Zin
The Shining One
Beogh

Shops:
D:6 ?   D:7 *   D:10 [   D:11 ?   Orc:2 (*[:   Shoals:1 *

Annotations:
D:2 2 transporters
D:8 jjfam's ghost, novice HuFi
Lair:2 Asterion
Elf:1 Louise


Innate Abilities, Weirdness & Mutations

You are resistant to torment.
Your stone body is resilient. (AC +12)
You are immune to poison.
Your large and strong wings let you fly indefinitely.
You resist negative energy. (rN+)
You are resistant to electric shocks. (rElec)
You can survive without breathing.
You are immune to petrification.
You are immune to rotting.


Message History

Asterion hits you but does no damage. Asterion gores you but does no damage.
The balrug gestures at you. The sticky flame hits you!
You are covered in liquid flames!
You are covered in liquid flames!
Asterion hits you with a broad axe of chopping!
Asterion gores you but does no damage.
You are covered in liquid flames!
You are covered in liquid flames!
The balrug gestures at you. The bolt of fire hits you! Asterion misses you.
Asterion gores you!
You are covered in liquid flames!
Asterion hits you with a broad axe of chopping!
Asterion gores you!
* * * LOW HITPOINT WARNING * * *
There is a stone staircase leading up here.
You are covered in liquid flames!
* * * LOW HITPOINT WARNING * * *
Asterion hits you with a broad axe of chopping!
You die...

.....................#
.....................#
.....................#
............>........#
.....#.##............##
#..#####..............#
#..##................##
#......#.......H2....#
.#....P.##.P....@....#
#.......####.........#
##.....## #P.........#
##....[.# #..........#
#.......# ##.........##
##.....## #..........P#
#......#####..........#
###....#.###..........#
###.[.....<#..........#


You could see Asterion and a balrug.

Vanquished Creatures
  Rupert (D:14)
  Kirke (D:12)
  An orc warlord (Orc:1)
  2 merfolk impalers (Shoals:1)
  A yaktaur captain (D:15)
  A fire dragon (D:14)
  Josephine (D:12)
  Fannar (Lair:2)
  6 hydras
  5 centaur warriors
  8 two-headed ogres
  2 dancing weapons (Elf:1)
  The ghost of bombasticus the Blocker, a journeyman GrFi of Okawaru (Orc:1)
  2 tengu warriors
  A death yak (D:10)
  An orc high priest (Orc:2)
  Sonja (D:14)
  Urug (Orc:2)
  Nergalle (D:10)
  2 sea snakes (Shoals:1)
  6 unseen horrors
  The ghost of BobtheCannibal69 the Chiller, a novice HuIE (D:7)
  2 wolf spider zombies
  4 lindwurms (Lair:5)
  4 harpies (Shoals:1)
  An orb spider (Spider:1)
  A deep elf archer (Elf:1)
  Pikel (D:7)
  10 deep elf magi
  4 orc knights
  5 manticores
  5 fauns (Shoals:1)
  4 orc sorcerers
  An ugly thing (D:11)
  A wolf spider (Lair:2)
  5 cyclopes
  6 merfolk sirens
  A moth of wrath (Spider:1)
  5 centaur zombies
  An ice statue (D:15)
  6 elephants
  3 black mambas
  Psyche (D:8)
  10 spiny frogs
  2 centaur skeletons
  6 rime drakes
  7 komodo dragons
  2 yaktaurs (D:15)
  A kobold demonologist (D:12)
  An efreet (D:13)
  A tengu conjurer (D:15)
  A wind drake (Shoals:1)
  A queen bee (shapeshifter) (D:14)
  4 merfolk
  A jumping spider (Lair:2)
  Prince Ribbit (D:8)
  8 trolls
  A slime creature (D:14)
  5 hornets
  14 blink frogs
  A wolf spider simulacrum (D:14)
  20 hippogriffs
  A spriggan (shapeshifter) (D:14)
  2 air elementals (Elf:1)
  5 wraiths
  3 redbacks (Lair:2)
  2 hogs (D:12)
  14 wyverns
  31 yaks
  Eustachio (D:6)
  16 humans
  5 vampire mosquitoes
  6 basilisks
  4 hungry ghosts
  3 wargs
  2 soldier ants
  Edmund (D:3)
  6 water moccasins
  An acid dragon (D:10)
  Duvessa (D:7)
  6 ice beasts
  5 porcupines
  A boggart (D:10)
  27 orc warriors
  3 black bears
  An eye of draining (D:10)
  15 ogres
  4 phantoms
  A necrophage (D:8)
  12 wolves
  10 centaurs
  13 crocodiles
  3 big kobolds
  A big kobold (shapeshifter) (D:15)
  17 bullfrogs
  A gnoll sergeant (D:9)
  Dowan (D:7)
  2 scorpions
  The ghost of Turq the Stinger, a weakling TrVM (D:3)
  20 killer bees
  9 howler monkeys
  8 wights
  11 crimson imps
  A bullfrog zombie (D:11)
  6 hounds
  14 orc priests
  4 bullfrog skeletons
  5 jellies
  26 orc wizards
  7 iguanas
  Ijyb (D:5)
  12 worker ants
  3 hound skeletons
  2 hound zombies
  A howler monkey zombie (D:5)
  A worker ant zombie (D:6)
  12 gnolls
  7 adders
  4 shadow imps
  2 oozes
  2 adder skeletons
  2 worms
  3 dart slugs
  5 leopard geckos
  63 orcs
  A giant cockroach (D:4)
  8 goblins
  5 hobgoblins
  12 jackals
  19 kobolds
  2 quokkas
  2 ball pythons
  10 bats
  4 frilled lizards
  A jackal skeleton (D:5)
  A jackal zombie (D:5)
  A leopard gecko skeleton (D:6)
  2 rats
  3 fungi
  4 plants
739 creatures vanquished.

Vanquished Creatures (others)
  An air elemental (Elf:1)
  A human (D:12)
  3 slaves (D:7)
  2 orcs
  15 fungi
  8 plants
30 creatures vanquished.

Grand Total: 769 creatures vanquished

Notes
Turn   | Place    | Note
-------+----------+-------------------------------------------
     0 | D:1      | Cunctator the Gargoyle Earth Elementalist began the quest for the Orb.
     0 | D:1      | Reached XP level 1. HP: 10/10 MP: 3/3
    90 | D:1      | Reached XP level 2. HP: 5/15 MP: 1/5
   556 | D:1      | Reached XP level 3. HP: 19/19 MP: 6/6
   695 | D:1      | Learned a level 3 spell: Stone Arrow
   794 | D:2      | Found a transporter.
   794 | D:2      | Found a transporter.
   795 | D:2      | Noticed a hungry ghost
   809 | D:2      | Found a stormy altar of Qazlal.
  1660 | D:3      | Noticed Turq's ghost (weakling TrVM)
  2292 | D:3      | Reached XP level 4. HP: 19/24 MP: 1/8
  2566 | D:3      | Reached skill level 1 in Conjurations
  2632 | D:3      | Reached skill level 5 in Earth Magic
  2719 | D:3      | Noticed a phantom
  3313 | D:3      | Killed a phantom
  3313 | D:3      | Reached XP level 5. HP: 28/28 MP: 2/10
  3748 | D:3      | Killed Turq's ghost
  3748 | D:3      | Reached XP level 6. HP: 24/32 MP: 2/11
  4088 | D:4      | Noticed Eustachio
  4580 | D:4      | Reached skill level 1 in Fighting
  4842 | D:4      | Noticed Edmund
  4844 | D:4      | Reached XP level 7. HP: 40/40 MP: 7/12
  5405 | D:5      | Entered Level 5 of the Dungeon
  5445 | D:5      | Noticed Ijyb
  5453 | D:5      | Killed Ijyb
  5547 | D:5      | Found a shattered altar of Ashenzari.
  5783 | D:5      | Found a radiant altar of Vehumet.
  5791 | D:5      | Became a worshipper of Vehumet
  5915 | D:5      | Reached skill level 1 in Shields
  6329 | D:5      | Found a sacrificial altar of Ru.
  7160 | D:3      | Killed Edmund
  7160 | D:3      | Reached XP level 8. HP: 24/45 MP: 0/14
  7578 | D:6      | Killed Eustachio
  7629 | D:6      | Reached skill level 5 in Conjurations
  8050 | D:6      | Reached skill level 5 in Spellcasting
  8114 | D:6      | Found Asangyuv's Magic Scroll Emporium.
  8150 | D:6      | Reached * piety under Vehumet
  8150 | D:6      | Offered knowledge of Magic Dart by Vehumet.
  8269 | D:6      | Reached XP level 9. HP: 24/49 MP: 0/17
  8428 | D:6      | Learned a level 5 spell: Lee's Rapid Deconstruction
  8585 | D:6      | Found a glowing golden altar of the Shining One.
  8771 | D:6      | Found a staircase to the Ecumenical Temple.
  9046 | D:6      | Found a snail-covered altar of Cheibriados.
  9133 | D:6      | Found an iron altar of Okawaru.
  9133 | D:6      | Found a shadowy altar of Dithmenos.
  9597 | D:7      | Noticed Pikel
  9603 | D:7      | Killed Pikel
  9603 | D:7      | Reached skill level 1 in Maces & Flails
  9663 | D:7      | Noticed BobtheCannibal69's ghost (novice HuIE)
  9846 | D:7      | Found Hip Ock's Assorted Antiques.
  9991 | D:7      | Killed BobtheCannibal69's ghost
  9991 | D:7      | Offered knowledge of Searing Ray by Vehumet.
 10299 | D:7      | Reached ** piety under Vehumet
 10299 | D:7      | Reached XP level 10. HP: 56/58 MP: 8/18
 10418 | D:7      | Found a shadowy altar of Dithmenos.
 10560 | D:7      | Noticed Duvessa
 10565 | D:7      | Noticed Dowan
 10590 | D:7      | Killed Duvessa
 10641 | D:7      | Killed Dowan
 10992 | D:8      | Noticed a two-headed ogre
 11003 | D:8      | Noticed a two-headed ogre
 11187 | D:8      | Reached skill level 5 in Fighting
 11187 | D:8      | Reached skill level 10 in Earth Magic
 11300 | D:8      | Noticed jjfam's ghost (novice HuFi)
 11564 | D:7      | Offered knowledge of Conjure Flame by Vehumet.
 11570 | D:7      | Learned a level 3 spell: Conjure Flame
 11738 | D:8      | Killed a two-headed ogre
 11738 | D:8      | Reached skill level 1 in Fire Magic
 12268 | D:8      | Killed a two-headed ogre
 12982 | D:8      | Noticed Psyche
 12987 | D:8      | Killed Psyche
 12987 | D:8      | Reached skill level 5 in Maces & Flails
 13081 | D:8      | Noticed a two-headed ogre
 13085 | D:8      | Killed a two-headed ogre
 13085 | D:8      | Reached XP level 11. HP: 66/66 MP: 7/19
 13149 | D:8      | Noticed Prince Ribbit
 13697 | D:8      | Killed Prince Ribbit
 14321 | D:9      | Got a twitching tin amulet
 14325 | D:9      | Identified the amulet of the Crown {Inacc +Blink rF+++ MR- Str+8} (You found it on level 9 of the Dungeon)
 14355 | D:9      | Reached *** piety under Vehumet
 14420 | D:9      | Found a staircase to the Orcish Mines.
 14459 | D:9      | Noticed a two-headed ogre
 14512 | D:9      | Killed a two-headed ogre
 14848 | D:9      | Offered knowledge of Iskenderun's Mystic Blast by Vehumet.
 15286 | D:9      | Found a glowing silver altar of Zin.
 15361 | D:10     | Entered Level 10 of the Dungeon
 15431 | D:10     | Noticed Nergalle
 15471 | D:10     | Killed Nergalle
 15571 | D:10     | Noticed a two-headed ogre
 15582 | D:10     | Killed a two-headed ogre
 16084 | D:10     | Reached skill level 1 in Armour
 16350 | D:10     | Killed an unseen horror
 16426 | D:10     | Noticed a centaur warrior
 16438 | D:10     | Killed a centaur warrior
 16438 | D:10     | Reached skill level 10 in Conjurations
 16473 | D:9      | Killed an unseen horror
 16473 | D:9      | Reached skill level 5 in Fire Magic
 16473 | D:9      | Reached XP level 12. HP: 17/73 MP: 19/21
 16828 | D:10     | Found Boruemm's Antique Armour Shoppe.
 17064 | D:10     | Found a staircase to the Lair.
 17142 | D:10     | Noticed a death yak
 17151 | D:10     | Killed a death yak
 17706 | D:11     | Reached **** piety under Vehumet
 17730 | D:11     | Noticed a two-headed ogre
 17738 | D:11     | Killed a two-headed ogre
 17738 | D:11     | Reached skill level 5 in Armour
 17742 | D:11     | Offered knowledge of Bolt of Magma by Vehumet.
 17761 | D:11     | Learned a level 5 spell: Bolt of Magma
 18321 | D:11     | Found a bloodstained altar of Trog.
 18734 | D:11     | Found Omikh's Magic Scroll Shoppe.
 18962 | Lair:1   | Entered Level 1 of the Lair of Beasts
 19689 | Lair:1   | Noticed a seven-headed hydra
 19692 | Lair:1   | Killed a seven-headed hydra
 19841 | Lair:1   | Reached XP level 13. HP: 80/80 MP: 16/23
 20425 | Lair:2   | Reached skill level 1 in Evocations
 20659 | Lair:2   | Found a hole to the Spider Nest.
 20881 | Lair:2   | Reached ***** piety under Vehumet
 20988 | Lair:2   | Noticed Fannar
 21189 | Lair:1   | Identified 3 scrolls of acquirement
 22243 | Lair:2   | Killed Fannar
 22610 | Lair:3   | Reached skill level 10 in Fighting
 22617 | Lair:3   | Offered knowledge of Lightning Bolt by Vehumet.
 23146 | Lair:3   | Found a hide-covered altar of Uskayaw.
 23399 | Lair:3   | Reached skill level 10 in Armour
 24401 | Lair:4   | Gained mutation: Your large and strong wings let you fly indefinitely. [Gargoyle growth]
 24401 | Lair:4   | Reached XP level 14. HP: 70/88 MP: 24/24
 25181 | Lair:4   | Found a staircase to the Shoals.
 25805 | Lair:4   | Offered knowledge of Freezing Cloud by Vehumet.
 26903 | Lair:5   | Found a staircase to the Slime Pits.
 28744 | Lair:5   | Upgraded the game from 0.22-a0-460-g49b1da7 to 0.22-a0-467-g5c5de1c
 28934 | Orc:1    | Entered Level 1 of the Orcish Mines
 28939 | Orc:1    | Noticed bombasticus's ghost (journeyman GrFi)
 29145 | Orc:1    | Killed bombasticus's ghost
 29516 | Orc:2    | Entered Level 2 of the Orcish Mines
 29516 | Orc:2    | Found a staircase to the Elven Halls.
 30361 | Orc:2    | Noticed an orc warlord
 30581 | Orc:1    | Killed an orc warlord
 31271 | Orc:2    | Noticed Urug
 31275 | Orc:2    | Reached skill level 10 in Fire Magic
 31435 | Orc:2    | Killed Urug
 31621 | Orc:2    | Offered knowledge of Venom Bolt by Vehumet.
 31628 | Orc:2    | Reached XP level 15. HP: 95/95 MP: 7/26
 31805 | Orc:2    | Found a roughly hewn altar of Beogh.
 31954 | Orc:2    | Found Yfext's Antique Weapon Boutique.
 31972 | Orc:2    | Found Feza's General Store.
 32707 | Orc:2    | Found Isuesax's Book Boutique.
 32746 | Orc:2    | Found Ludutott's Antique Armour Boutique.
 32753 | Orc:2    | Bought a pair of runed gloves for 165 gold pieces
 33043 | Elf:1    | Entered Level 1 of the Elven Halls
 33250 | Elf:1    | Found a radiant altar of Vehumet.
 33734 | Elf:1    | Noticed Louise
 34062 | D:12     | Noticed Kirke
 34129 | D:12     | Noticed a sphinx
 34133 | D:12     | Killed Kirke
 34538 | D:12     | Noticed Josephine
 34547 | D:12     | Killed Josephine
 34555 | D:12     | Offered knowledge of Orb of Destruction by Vehumet.
 35021 | D:12     | Learned a level 7 spell: Orb of Destruction
 37072 | D:14     | Found a gate to the Vaults.
 37072 | D:14     | Noticed Rupert
 37467 | D:14     | Paralysed by Rupert for 2 turns
 37871 | D:14     | Killed Rupert
 39244 | D:14     | Noticed Sonja
 39249 | D:14     | Killed Sonja
 39847 | D:14     | Offered knowledge of Conjure Ball Lightning by Vehumet.
 40408 | D:15     | Entered Level 15 of the Dungeon
 40418 | D:15     | Reached XP level 16. HP: 80/101 MP: 6/29
 41283 | D:15     | Found a staircase to the Depths.
 41522 | D:15     | Found a sparkling altar of Nemelex Xobeh.
 41720 | D:15     | Reached skill level 10 in Spellcasting
 42806 | Spider:1 | Entered Level 1 of the Spider Nest
 42836 | Spider:1 | Noticed Asterion
 43718 | Shoals:1 | Entered Level 1 of the Shoals
 43722 | Shoals:1 | Reached skill level 1 in Staves
 44733 | Shoals:1 | Found Sioguh's Island Escapes.
 44979 | Lair:2   | Slain by Asterion

Vault maps used:
D:1:      matt_arrival_diagonals
D:2:      gammafunk_temple_overflow_arena, first_ration,
          corexii_leaking_fountain
D:4:      uniq_eustachio, uniq_edmund
D:5:      vehumet_crystals, cheibrodos_ashenzari_chains,
          nicolae_ru_sacrificial_ziggurat, uniq_ijyb
D:6:      tso_oasis_becter, slow_altar_2, amethyst_overflow_temple_binary,
          minmay_temple_entry_enclosed_plants, serial_shops,
          nicolae_shop_crystal, minmay_joined_circles
D:7:      basic_altar, serial_shops, nicolae_shop_overgrown_old_shop,
          uniq_duvessa, uniq_pikel
D:8:      blue_anna_alchemist, grunt_ministairs_10, eino_jars,
          uniq_prince_ribbit1, uniq_psyche
D:9:      zin_treasury, orc_0_dummy
D:10:     minmay_tri_box, david_lair_generic, serial_shops,
          nicolae_shop_overgrown_old_shop, uniq_nergalle
D:11:     serial_shops, shop, bloody_trog
D:12:     uniq_kirke, uniq_josephine
D:14:     david_vaults_3, hangedman_corner_corridor, uniq_sonja
D:15:     grunt_enter_depths_snipers, minmay_tree_intersection, minivault_15,
          nemelex_altar_shiori
Lair:1:   cheibrodos_lair_reptile_den
Lair:2:   spider_nest_entry_funnel_web, uniq_fannar
Lair:3:   lemuel_centaur_altar, grunt_megastairs_2, infiniplex_staircase_pool_2
Lair:4:   elwin_shoals_entry_stream
Lair:5:   slime_dummy, minmay_lindwurm_lava
Shoals:1: nicolae_island_escapes
Spider:1: guppyfry_spider_mini_1, uniq_asterion
Orc:2:    grunt_orc_cross, special_room
Elf:1:    eino_elf_arrival_altar, serial_shops, shop, basic_altar,
          minmay_elf_sorcery, minmay_elf_necromancy, uniq_louise

Skill      XL: |  1  2  3  4  5  6  7  8  9 10 11 12 13 14 15 16 |
---------------+-------------------------------------------------+-----
Earth Magic    | 4 5 6 7 8 9 10 11 12 13 14 | 14.1
Spellcasting   | 3 4 5 6 7 9 10 | 10.3
Conjurations   | 2 3 4 6 7 9 10 11 12 13 | 13.8
Fighting       | 2 4 6 8 9 10 11 | 11.6
Shields        | 2 4 |  4.0
Maces & Flails | 3 5 6 7 |  7.7
Fire Magic     | 3 5 6 8 10 | 10.5
Armour         | 3 7 10 12 14 | 14.4
Evocations     | 4 |  4.9
Staves         | 2 |  2.4
Dodging        | |  1.5
Stealth        | |  2.1
Transmutations | |  0.7

Action                   |  1- 3 |  4- 6 |  7- 9 | 10-12 | 13-15 | 16-18 || total
-------------------------+-------+-------+-------+-------+-------+-------++-------
Melee: Club              |   106 |       |       |       |       |       ||   106
       Mace              |     5 |    64 |   141 |       |       |       ||   210
       Flail             |       |       |    13 |   331 |   640 |    23 ||  1007
       Staff             |       |       |       |       |       |    48 ||    48
Throw: Stone             |       |     1 |       |       |       |       ||     1
 Cast: Sandblast         |    22 |    34 |    59 |    50 |    74 |    24 ||   263
       Stone Arrow       |     3 |     7 |    66 |   225 |   543 |    57 ||   901
       Lee's Rapid Decon |       |       |     1 |    53 |    64 |     6 ||   124
       Bolt of Magma     |       |       |       |    13 |    39 |    19 ||    71
       Conjure Flame     |       |       |       |     8 |    13 |       ||    21
       Orb of Destructio |       |       |       |       |    25 |    22 ||    47
 Abil: Fly               |       |       |       |       |     1 |       ||     1
Evoke: Wand              |       |       |       |     2 |       |       ||     2
  Use: Scroll            |       |     1 |     1 |    11 |    18 |     3 ||    34
       Potion            |       |       |       |     2 |       |       ||     2
 Stab: Sleeping          |     4 |     3 |     2 |       |       |       ||     9
       Distracted        |       |     2 |       |       |       |       ||     2
  Eat: Chunk             |     5 |     5 |    15 |    51 |    98 |    21 ||   195
       Ration            |       |     1 |     2 |     8 |     1 |     2 ||    14
Armor: Robe              |    60 |    30 |    87 |   129 |       |       ||   306
       Acid dragon scale |       |       |       |   312 |   645 |   133 ||  1090
       Leather armour    |       |       |       |    17 |       |       ||    17
Dodge: Dodged            |   115 |    60 |   142 |   282 |   572 |    86 ||  1257
Block: Buckler           |       |       |     3 |   124 |   209 |    26 ||   362

Table legend:
 A = Spawn XP
 B = Non-spawn XP
 C = Spawn XP percentage of total XP
 D = Spawn monster count
 E = Non-spawn monster count
 F = Spawn count percentage of total count
 G = Total turns spent on level
                    A         B        C        D         E        F      G
               +---------+---------+-------+---------+---------+-------+---------
         Total |       0 |  150891 |   0.0 |       0 |     734 |   0.0 | 44979
               +---------+---------+-------+---------+---------+-------+---------
           D:1 |       0 |      38 |   0.0 |       0 |      22 |   0.0 |   706
           D:2 |       0 |      19 |   0.0 |       0 |      10 |   0.0 |  1986
           D:3 |       0 |     434 |   0.0 |       0 |      26 |   0.0 |  1808
           D:4 |       0 |     295 |   0.0 |       0 |      10 |   0.0 |  1654
           D:5 |       0 |     435 |   0.0 |       0 |      20 |   0.0 |  1308
           D:6 |       0 |    1554 |   0.0 |       0 |      39 |   0.0 |  1853
           D:7 |       0 |    2603 |   0.0 |       0 |      25 |   0.0 |  4017
           D:8 |       0 |    4747 |   0.0 |       0 |      33 |   0.0 |   926
           D:9 |       0 |    4036 |   0.0 |       0 |      39 |   0.0 |  1974
          D:10 |       0 |    7514 |   0.0 |       0 |      33 |   0.0 |  1762
          D:11 |       0 |    6449 |   0.0 |       0 |      49 |   0.0 |  1461
          D:12 |       0 |    6030 |   0.0 |       0 |      23 |   0.0 |  1426
          D:13 |       0 |    7660 |   0.0 |       0 |      34 |   0.0 |  3052
          D:14 |       0 |   16848 |   0.0 |       0 |      48 |   0.0 |  2213
          D:15 |       0 |    8954 |   0.0 |       0 |      18 |   0.0 |  1600
        Lair:1 |       0 |    9394 |   0.0 |       0 |      35 |   0.0 |  2105
        Lair:2 |       0 |    6461 |   0.0 |       0 |      19 |   0.0 |  2325
        Lair:3 |       0 |   10608 |   0.0 |       0 |      47 |   0.0 |  2117
        Lair:4 |       0 |   13061 |   0.0 |       0 |      49 |   0.0 |  1962
        Lair:5 |       0 |    8189 |   0.0 |       0 |      25 |   0.0 |  2472
      Shoals:1 |       0 |   12240 |   0.0 |       0 |      22 |   0.0 |  1182
      Spider:1 |       0 |    1409 |   0.0 |       0 |       3 |   0.0 |   226
         Orc:1 |       0 |    5195 |   0.0 |       0 |      16 |   0.0 |  1549
         Orc:2 |       0 |   10348 |   0.0 |       0 |      77 |   0.0 |  2768
         Elf:1 |       0 |    6370 |   0.0 |       0 |      12 |   0.0 |   527
               +---------+---------+-------+---------+---------+-------+---------
